 Dungeon Crawl Stone Soup version 0.20.0-10-g0535bb4 (webtiles) character file.

4419 Manul the Nimble (level 10, 0/55 HPs)
             Began as a Spriggan Abyssal Knight on June 4, 2017.
             Was an Elder of Lugonu.
             Killed from afar by a centaur (14 damage)
             ... with a wand of acid (?/15)
             ... on level 9 of the Dungeon.
             The game lasted 00:11:38 (9833 turns).

Manul the Nimble (Spriggan Abyssal Knight)          Turns: 9833, Time: 00:11:39

Health: 0/55       AC:  8    Str: 10 (13) XL:     10   Next: 14%
Magic:  26/26      EV: 29    Int: 16      God:    Lugonu [****..]
Gold:   394        SH:  0    Dex: 17      Spells: 18/18 levels left

rFire    . . .     SeeInvis +   d - +4 long sword (protect)
rCold    + . .     Gourm    .   (shield restricted)
rNeg     . . .     Faith    .   o - +2 robe {rF+}
rPois    .         Spirit   .   (helmet restricted)
rElec    .         Reflect  .   C - +0 cloak
rCorr    .         Harm     .   (gloves unavailable)
MR       +....                  (boots unavailable)
Stlth    ++++......             (no amulet)
Regen    0.2/turn               i - ring of magical power
MPRegen  0.2/turn               e - ring of ice

@: mighty, corroded, protection aura, very quick
A: unfitting armour, see invisible, herbivore 3, speed 3, slow metabolism 2
a: Depart the Abyss, Bend Space, Banish, Corrupt, Renounce Religion


You were on level 9 of the Dungeon.
You worshipped Lugonu.
Lugonu was greatly pleased with you.
You were not hungry.

You visited 1 branch of the dungeon, and saw 9 of its levels.
You visited the Abyss 1 time.

You collected 394 gold pieces.

Inventory:

Hand Weapons
 a - a +1 short sword
 d - a +4 long sword of protection (weapon)
 n - a +3 dagger of chaos
Armour
 b - a +0 robe
 o - a +2 robe of fire resistance (worn)
 C - a +0 cloak (worn)
Jewellery
 e - a ring of ice (right hand)
 i - a ring of magical power (left hand)
 l - an uncursed ring of fire
Wands
 f - a wand of enslavement (1/24)
 j - a wand of polymorph (8/24)
 E - a wand of paralysis (2/24)
 H - a wand of confusion (20/48)
 J - a wand of lightning (10/15)
Scrolls
 g - 9 scrolls of identify
 k - 3 scrolls of remove curse
 m - 5 scrolls of teleportation
 p - 3 scrolls of magic mapping {unknown}
 t - 2 scrolls of blinking {unknown}
 u - 2 scrolls of fog {unknown}
 x - a scroll of immolation {unknown}
 y - a scroll of fear {unknown}
 z - a scroll of amnesia {unknown}
 F - a scroll of summoning {unknown}
 G - a scroll of enchant weapon {unknown}
 I - a scroll of vulnerability {unknown}
Potions
 h - 5 potions of brilliance
 q - a potion of might
 v - a potion of lignification {unknown}
 w - a potion of cancellation
 B - 2 potions of degeneration
Books
 D - a book of Frost

   Spells                             Type                      Level
   a - Freeze                         Ice                          1
   b - Throw Frost                    Conjuration/Ice              2
   c - Ozocubu's Armour               Charms/Ice                   3
   d - Throw Icicle                   Conjuration/Ice              4
   e - Summon Ice Beast               Ice/Summoning                4
Comestibles
 c - 4 bread rations
 r - 3 royal jellies
 s - 4 fruits


   Skills:
 + Level 7.0 Fighting
 - Level 5.3 Short Blades
 + Level 12.8 Dodging
 - Level 8.1 Stealth
 * Level 4.6 Spellcasting
 * Level 3.8 Invocations


You had 18 spell levels left.
You didn't know any spells.

Dungeon Overview and Level Annotations

Branches:
Dungeon (9/15)             Temple (0/1) D:4
   Lair: D:8-11         Orc: D:9-12

Altars:


Innate Abilities, Weirdness & Mutations

You are very small and have problems with some larger weapons.
You are too small for most types of armour.
You have supernaturally acute eyesight. (SInv)
You are a herbivore.
You cover ground extremely quickly.
You need consume almost no food.


Message History

The centaur is lightly wounded.
The centaur zaps a wand.
The bolt of acid hits you! The acid corrodes you!
You are splashed with acid!
The acid burns!
* * * LOW HITPOINT WARNING * * *
The centaur closely misses you.
You riposte.
You hit the centaur.
The centaur is lightly wounded.
Press: ? - help, v - describe, . - travel
Here: a centaur, carrying a wand of acid (?/15) {zapped: 2} (lightly wounded)
The floor.
You feel very mighty all of a sudden. The centaur barely misses you.
You slash the centaur!
The centaur is severely wounded.
The centaur closely misses you.
You riposte.
You hit the centaur.
The centaur is almost dead.
The centaur misses you.
You barely miss the centaur.
The centaur is almost dead.
The centaur zaps a wand.
The bolt of acid hits you!
You die...

...# ..... ...#
#.......# ...#
#[......# ...#
#.......#
...########.......#
...<..............#
..................#
.............[...c#
................@.#
......[.......S...#
..................#
..................#
..............$...#
..................#
..................#
................#
.................


You could see a water moccasin and a centaur.

Vanquished Creatures
  Pikel (D:7)
  Psyche (D:9)
  A hornet (D:7)
  Sigmund (D:2)
  A yak (D:8)
  2 hungry ghosts
  A porcupine (D:8)
  An orc warrior (D:6)
  3 sky beasts
  A phantom (D:7)
  A centaur (D:7)
  5 bullfrogs
  3 scorpions
  15 killer bees
  2 howler monkeys
  4 wights (D:7)
  A crimson imp (D:5)
  3 jellies
  3 orc wizards
  Crazy Yiuf (D:5)
  A gnoll shaman (D:7)
  2 orc priests (D:6)
  2 hounds
  3 iguanas
  Jessica (D:2)
  Terence (D:2)
  A worker ant (D:7)
  A worker ant zombie (D:8)
  A howler monkey skeleton (D:3)
  5 gnolls (D:7)
  8 adders
  A shadow imp (D:7)
  2 oozes
  2 adder zombies
  An adder skeleton (D:3)
  A worm (D:2)
  2 dart slugs
  5 leopard geckos
  29 orcs
  4 bats
  A giant cockroach (D:3)
  8 hobgoblins
  5 jackals
  4 quokkas
  7 frilled lizards
  6 goblins
  A jackal skeleton (D:4)
  8 kobolds
  A leopard gecko zombie (D:6)
  A quokka skeleton (D:3)
  4 rats
170 creatures vanquished.

Vanquished Creatures (collateral kills)
  A small abomination (Abyss:2)
1 creature vanquished.

Vanquished Creatures (others)
  A wight (D:7)
  An orc priest (D:7)
  An orc wizard (D:6)
  7 fungi (D:8)
  2 plants (D:8)
12 creatures vanquished.

Grand Total: 183 creatures vanquished

Notes
Turn   | Place    | Note
-------+----------+-------------------------------------------
     0 | Abyss:1  | Manul the Spriggan Abyssal Knight began the quest for the Orb.
     0 | Abyss:1  | Reached XP level 1. HP: 11/11 MP: 3/3
    38 | Abyss:2  | Found a corrupted altar of Lugonu.
    94 | Abyss:2  | Noticed a neqoxec
   143 | Abyss:2  | Noticed a small abomination
   194 | Abyss:2  | Noticed a wraith
   230 | Abyss:2  | Noticed a small abomination
   244 | Abyss:2  | Noticed a rust devil
   256 | Abyss:2  | Noticed an orange demon
   280 | Abyss:2  | Noticed a large abomination
   288 | Abyss:2  | Noticed a small abomination
   290 | Abyss:2  | Noticed a glowing orange brain
   296 | Abyss:2  | Killed a small abomination
   296 | Abyss:2  | Reached XP level 2. HP: 16/16 MP: 4/4
   296 | Abyss:2  | Reached XP level 3. HP: 19/19 MP: 5/5
   348 | Abyss:2  | Noticed a hell hog
   349 | D:1      | Escaped the Abyss
   621 | D:1      | Reached * piety under Lugonu
   808 | D:1      | Reached skill level 5 in Stealth
  1172 | D:2      | Noticed Terence
  1183 | D:2      | Killed Terence
  1183 | D:2      | Reached XP level 4. HP: 23/23 MP: 6/6
  1233 | D:2      | Noticed Sigmund
  1240 | D:2      | Killed Sigmund
  1240 | D:2      | Reached skill level 4 in Dodging
  1240 | D:2      | Reached XP level 5. HP: 18/28 MP: 7/7
  1245 | D:2      | Reached XP level 6. HP: 16/32 MP: 8/8
  1554 | D:2      | Found a faded altar of an unknown god.
  1687 | D:2      | Noticed Jessica
  1696 | D:2      | Killed Jessica
  2282 | D:3      | Reached ** piety under Lugonu
  3527 | D:4      | Reached skill level 5 in Dodging
  3744 | D:4      | Found a staircase to the Ecumenical Temple.
  3797 | D:5      | Entered Level 5 of the Dungeon
  4101 | D:5      | Reached XP level 7. HP: 33/37 MP: 9/9
  4204 | D:5      | Reached *** piety under Lugonu
  4343 | D:5      | Found a runed door.
  4765 | D:5      | Reached skill level 6 in Dodging
  5078 | D:5      | Noticed Crazy Yiuf
  5086 | D:5      | Killed Crazy Yiuf
  5806 | D:6      | Reached skill level 5 in Fighting
  5806 | D:6      | Reached skill level 7 in Dodging
  5875 | D:6      | Reached XP level 8. HP: 8/43 MP: 10/10
  6254 | D:6      | Reached skill level 8 in Dodging
  6725 | D:7      | Reached skill level 9 in Dodging
  6738 | D:7      | Reached skill level 5 in Short Blades
  6830 | D:7      | Reached **** piety under Lugonu
  6848 | D:7      | Reached skill level 10 in Dodging
  7324 | D:7      | Reached XP level 9. HP: 48/48 MP: 11/11
  7398 | D:7      | Reached skill level 1 in Spellcasting
  7644 | D:7      | Noticed Pikel
  7665 | D:7      | Killed Pikel
  7665 | D:7      | Reached skill level 11 in Dodging
  8377 | D:8      | Reached skill level 12 in Dodging
  8804 | D:8      | Reached XP level 10. HP: 35/53 MP: 17/17
  9276 | D:9      | Noticed Psyche
  9729 | D:9      | Killed Psyche
  9833 | D:9      | Killed from afar by a centaur

Skill      XL: |  1  2  3  4  5  6  7  8  9 10 |
---------------+-------------------------------+-----
Stealth        | 4 5 7 8 |  8.1
Fighting       | 3 4 5 6 7 |  7.0
Dodging        | 4 5 7 10 12 | 12.8
Short Blades   | 4 5 |  5.3
Spellcasting   | 4 |  4.6
Invocations    | 3 |  3.8

Action                   |  1- 3 |  4- 6 |  7- 9 | 10-12 || total
-------------------------+-------+-------+-------+-------++-------
Melee: Long sword        |    36 |   137 |   392 |    44 ||   609
Invok: Depart the Abyss  |     1 |       |       |       ||     1
Evoke: Wand              |     2 |       |       |       ||     2
  Use: Scroll            |     3 |     3 |       |       ||     6
       Potion            |       |       |    10 |     1 ||    11
 Stab: Sleeping          |     9 |    19 |     8 |       ||    36
       Distracted        |       |       |     1 |       ||     1
  Eat: Bread ration      |       |       |     3 |       ||     3
Armor: Robe              |     7 |    24 |    53 |     3 ||    87
Dodge: Dodged            |    40 |   118 |   573 |    56 ||   787
       Rpst.: Long sword |    12 |    40 |   174 |    11 ||   237
